Map: 2000 Atmospheres LE

Players

LiquidMaNa (MaNa)

  • Race: Protoss Protoss
  • League: Grandmaster

TLHarstem (Harstem) - Winner!

  • Race: Protoss Protoss
  • League: Master

Event: DreamHack SC2 Masters 2021 Summer

VOD

Have the link to the VOD?

Description

Time

  • Played on: May 20, 2021, 11:43 a.m.
  • Length: 15:19

All games in this series

Show
View Real Time Build Order
Export as new Build Order

LiquidMaNa Protoss 

Build Orders: Phoenix Opening, Blink Stalkers 

Get SALT Encoding   

  12  0:00  Probe  
  13  0:12  Probe  
  14  0:17  Pylon  
  14  0:24  Probe (Chrono Boost)  
  15  0:36  Probe (Chrono Boost)  
  15  0:39  Gateway  
  16  0:44  Probe (Chrono Boost)  
  16  0:47  Assimilator  
  17  0:51  Probe  
  18  1:03  Probe (Chrono Boost)  
  19  1:04  Assimilator  
  19  1:10  Gateway  
  19  1:12  Probe (Chrono Boost)  
  19  1:18  Pylon  
  20  1:19  Probe  
  21  1:27  Cybernetics Core  
  21  1:31  Probe  
  22  1:35  Pylon  
  22  1:44  Probe  
  23  1:52  Pylon  
  23  1:56  Probe  
  23  2:00  Warp Gate (Chrono Boost)  
  24  2:06  Stalker  
  24  2:08  Probe  
  27  2:11  Stalker  
  29  2:21  Cybernetics Core  
  29  2:24  Probe  
  30  2:35  Twilight Council  
  29  2:39  Probe  
  30  2:53  Pylon  
  30  2:55  Probe  
  31  3:04  Nexus  
  31  3:11  Probe  
  32  3:14  Blink (Chrono Boost)  
  32  3:23  Probe  
  32  3:26  Pylon  
  33  3:35  Probe  
  34  3:41  Stalker, Sentry  
  34  3:47  Probe  
  39  3:50  Forge  
  39  3:54  Phoenix  
  39  3:59  Probe  
  40  4:07  Stalker  
  42  4:11  Probe, Stalker  
  42  4:16  Probe  
  46  4:22  Protoss Ground Weapons Level 1 (Chrono Boost)  
  47  4:24  Probe  
  47  4:35  Probe  
  47  4:36  Probe  
  49  4:44  Pylon  
  49  4:47  Probe (Chrono Boost)  
  49  4:48  Probe (Chrono Boost)  
  51  4:54  Nexus  
  51  5:00  Probe (Chrono Boost)  
  51  5:05  Probe (Chrono Boost)  
  51  5:06  Robotics Facility  
  52  5:08  Probe (Chrono Boost)  
  52  5:12  Probe (Chrono Boost)  
  54  5:15  Gateway  
  54  5:16  Gateway  
  54  5:19  Probe  
  54  5:23  Probe  
  54  5:24  Adept x2  
  59  5:31  Assimilator  
  59  5:32  Probe  
  60  5:35  Probe  
  61  5:44  Gateway x2  
  61  5:46  Pylon  
  61  5:48  Stalker  
  63  5:51  Phoenix, Stalker  
  63  5:52  Probe  
  63  5:53  Observer  
  67  5:59  Probe  
  68  6:05  Probe  
  69  6:11  Probe  
  69  6:14  Stalker x3  
  69  6:16  Stalker  
  69  6:17  Protoss Ground Weapons Level 2 (Chrono Boost)  
  74  6:19  Probe x2  
  76  6:26  Charge  
  76  6:31  Shield Battery  
  76  6:32  Probe x2  
  78  6:35  Probe  
  79  6:41  Pylon  
  79  6:44  Probe x2  
  79  6:46  Immortal (Chrono Boost)  
  85  6:47  Probe  
  85  6:50  Pylon  
  86  6:57  Probe x2  
  86  6:58  Pylon  
  86  7:00  Probe  
  89  7:07  Templar Archives  
  89  7:17  Gateway  
  89  7:18  Gateway  
  89  7:21  Nexus  
  89  7:22  Warp Prism (Chrono Boost)  
  89  7:28  Pylon  
  91  7:31  Zealot x3  
  91  7:36  Zealot x3  
  103  7:42  Pylon  
  103  7:43  Pylon  
  103  7:48  Gateway  
  103  7:51  Gateway  
  103  7:58  Zealot x2  
  103  8:01  High Templar x3  
  103  8:04  High Templar  
  115  8:07  Archon  
  115  8:08  Photon Cannon, Archon  
  115  8:09  Photon Cannon  
  115  8:15  Zealot x2  
  118  8:27  Zealot x2  
  118  8:28  Shield Battery  
  122  8:36  Zealot x3  
  122  8:37  Zealot x3  
  134  8:45  Zealot  
  136  8:50  High Templar x2, Zealot  
  136  8:53  Pylon  
  136  8:54  Pylon  
  142  8:55  Archon  
  142  8:58  Zealot x2  
  142  8:59  Zealot x4  
  154  9:13  Pylon  
  154  9:15  Pylon  
  154  9:19  Shield Battery, Zealot x2  
  154  9:20  High Templar x2  
  162  9:25  Archon  
  162  9:27  Zealot x4  
  162  9:28  Zealot  
  170  9:48  Zealot x4  
  170  9:50  Zealot x3  
  170  9:51  Zealot  
  184  10:02  High Templar  
  184  10:04  Robotics Bay  
  184  10:05  Assimilator  
  186  10:09  Zealot  
  181  10:15  Probe x3  
  181  10:19  High Templar  
  181  10:21  Assimilator  
  186  10:22  Assimilator  
  186  10:26  Archon  
  186  10:32  Probe x2, Pylon  
  188  10:40  Protoss Ground Weapons Level 3 (Chrono Boost)  
  186  10:43  Probe  
  186  10:46  Nexus  
  186  10:48  Pylon  
  187  10:51  Disruptor (Chrono Boost)  
  187  10:52  Photon Cannon  
  187  10:54  Photon Cannon  
  187  10:55  Pylon  
  180  11:04  Zealot x8  
  180  11:09  Zealot x2  
  200  11:16  Dark Shrine  
  200  11:24  Zealot x3  
  170  11:48  Stalker x10  
  190  11:57  Photon Cannon  
  190  12:01  Disruptor  
  189  12:14  Stalker  
  189  12:15  Stalker x4  
  191  12:20  Stalker x5  
  155  12:41  Stalker x5  
  155  12:43  Disruptor  
  160  12:58  Stalker x5  
  170  13:11  Probe x2  
  164  13:14  Probe x3  
  164  13:19  Disruptor  
  170  13:20  Stalker x3  
  170  13:21  Zealot, Stalker  
  170  13:23  Probe  
  170  13:24  Probe  
  180  13:29  Zealot x4  
  186  13:41  Zealot x2  
  162  13:55  Observer (Chrono Boost)  
  147  14:08  Observer (Chrono Boost)  
  147  14:09  Zealot x6  
  146  14:20  Robotics Facility  
  146  14:26  Stalker x2  
  148  14:36  Dark Templar x6  
  148  14:38  Probe x3  
  159  14:41  Photon Cannon  
  159  14:42  Photon Cannon  
  153  14:47  Dark Templar  
  131  14:53  Dark Templar  
Show
View Real Time Build Order
Export as new Build Order

TLHarstem Protoss - Winner!

Build Orders: Oracle Opening, Zealot Archon 

Get SALT Encoding   

  12  0:00  Probe  
  13  0:12  Probe  
  14  0:19  Pylon  
  14  0:24  Probe (Chrono Boost)  
  15  0:37  Probe (Chrono Boost), Gateway  
  16  0:45  Probe (Chrono Boost)  
  17  0:50  Assimilator  
  17  0:51  Probe  
  17  0:56  Assimilator  
  18  1:04  Probe (Chrono Boost)  
  19  1:07  Pylon  
  19  1:15  Probe (Chrono Boost)  
  20  1:20  Probe (Chrono Boost)  
  20  1:24  Cybernetics Core  
  21  1:30  Probe  
  21  1:32  Zealot  
  24  1:42  Probe  
  25  1:54  Probe  
  25  1:59  Pylon  
  25  2:01  Warp Gate  
  26  2:02  Stalker (Chrono Boost)  
  26  2:06  Probe  
  29  2:18  Probe, Pylon  
  30  2:24  Stargate  
  30  2:27  Stalker  
  32  2:33  Probe  
  33  2:56  Shield Battery  
  33  3:03  Nexus  
  34  3:06  Oracle (Chrono Boost)  
  34  3:11  Probe  
  37  3:18  Pylon  
  37  3:23  Probe  
  37  3:29  Twilight Council  
  37  3:35  Probe  
  37  3:40  Gateway  
  38  3:47  Probe  
  39  3:49  Stalker  
  41  3:59  Probe  
  42  4:10  Blink (Chrono Boost)  
  42  4:11  Probe (Chrono Boost)  
  42  4:15  Forge  
  42  4:16  Probe (Chrono Boost)  
  44  4:23  Probe (Chrono Boost)  
  45  4:25  Probe (Chrono Boost)  
  45  4:28  Probe (Chrono Boost)  
  45  4:30  Probe (Chrono Boost)  
  47  4:32  Sentry  
  47  4:38  Probe, Stalker  
  53  4:42  Probe  
  53  4:45  Assimilator  
  54  4:47  Phoenix  
  54  4:50  Probe  
  55  4:53  Protoss Ground Weapons Level 1 (Chrono Boost)  
  55  4:54  Probe  
  56  5:02  Probe  
  56  5:04  Nexus  
  56  5:06  Probe  
  58  5:08  Pylon  
  58  5:14  Probe  
  58  5:20  Probe, Stalker  
  62  5:26  Probe  
  62  5:28  Gateway x2  
  63  5:32  Probe  
  64  5:38  Probe  
  65  5:45  Probe, Gateway x2  
  66  5:50  Stalker  
  66  5:51  Probe  
  66  5:52  Robotics Facility  
  66  5:55  Pylon  
  66  5:57  Probe  
  70  6:07  Probe  
  70  6:09  Probe  
  70  6:15  Stalker x2  
  70  6:16  Probe  
  75  6:18  Phoenix  
  75  6:19  Probe  
  75  6:21  Probe  
  75  6:25  Charge, Pylon  
  77  6:26  Shield Battery  
  77  6:28  Probe  
  77  6:29  Templar Archives  
  77  6:31  Probe  
  79  6:33  Probe  
  79  6:38  Assimilator  
  80  6:40  Observer, Protoss Ground Weapons Level 2 (Chrono Boost), Zealot, Probe  
  80  6:41  Zealot  
  80  6:43  Probe  
  87  6:47  Zealot x3  
  94  6:56  Pylon  
  94  6:57  Pylon  
  94  6:58  Probe  
  94  7:07  Zealot  
  96  7:09  Probe  
  96  7:10  Immortal (Chrono Boost)  
  96  7:13  Gateway  
  96  7:14  Gateway  
  101  7:17  Pylon  
  101  7:19  Pylon  
  101  7:21  High Templar x2  
  105  7:25  Zealot x2  
  105  7:26  Archon  
  109  7:33  Nexus  
  109  7:38  Zealot, Pylon  
  109  7:41  Zealot  
  113  7:46  Shield Battery  
  113  7:51  Probe  
  113  7:52  High Templar x2  
  113  7:54  Probe  
  113  7:55  Photon Cannon  
  113  7:57  Archon  
  113  7:58  Probe, Pylon  
  120  7:59  Warp Prism (Chrono Boost)  
  120  8:03  Probe  
  123  8:10  Zealot x3  
  129  8:18  High Templar x2  
  129  8:19  Zealot  
  135  8:24  Archon  
  135  8:26  Zealot x2  
  139  8:29  Pylon  
  143  8:40  Zealot x4  
  147  8:42  Pylon  
  147  8:44  Pylon  
  144  8:50  High Templar x2  
  144  8:52  Probe  
  144  8:53  Zealot x2  
  144  8:54  Archon  
  153  8:56  Protoss Ground Weapons Level 3 (Chrono Boost)  
  153  9:00  Probe  
  154  9:06  Probe  
  154  9:08  Assimilator  
  155  9:10  Zealot x3  
  155  9:12  Assimilator  
  155  9:14  Probe  
  155  9:16  Photon Cannon  
  162  9:24  Zealot x4  
  164  9:30  Nexus  
  170  9:35  Probe  
  170  9:37  Robotics Bay  
  171  9:39  Photon Cannon  
  171  9:40  Robotics Facility  
  171  9:44  Probe  
  171  9:45  Photon Cannon  
  172  9:51  Zealot x7  
  172  9:52  Zealot  
  184  9:54  Pylon  
  182  10:13  High Templar x4  
  190  10:15  Zealot x2  
  190  10:17  Archon, Pylon  
  190  10:18  Archon  
  190  10:20  Probe, Photon Cannon  
  187  10:21  Photon Cannon  
  187  10:23  Photon Cannon  
  187  10:24  Photon Cannon  
  187  10:25  Probe, Pylon  
  187  10:26  Disruptor x2 (Chrono Boost)  
  187  10:27  Pylon  
  188  10:33  Photon Cannon  
  194  10:49  Zealot x5  
  198  10:59  Photon Cannon  
  198  11:00  Photon Cannon  
  198  11:01  Photon Cannon  
  198  11:02  Probe, Shield Battery  
  198  11:03  Disruptor x2 (Chrono Boost)  
  195  11:18  Probe  
  196  11:19  Dark Shrine  
  196  11:20  Shield Battery  
  196  11:22  Pylon  
  194  11:32  Probe  
  185  11:34  Disruptor x2  
  177  11:48  Stalker  
  177  11:49  Stalker x7  
  177  11:50  Probe  
  177  11:52  Assimilator  
  177  11:54  Probe  
  195  11:55  Assimilator  
  195  11:57  Photon Cannon  
  195  11:59  Protoss Shields Level 1  
  195  12:00  Photon Cannon  
  195  12:02  Pylon  
  193  12:09  Disruptor  
  193  12:10  Disruptor  
  172  12:22  Zealot  
  172  12:23  Zealot x7  
  162  12:42  Probe  
  163  12:45  Gateway, Disruptor  
  163  12:48  Gateway, Stalker x6  
  163  12:49  Stalker x2  
  182  12:52  Gateway  
  182  12:55  Disruptor  
  182  12:56  Gateway  
  175  12:58  Probe  
  172  13:18  Zealot, Dark Templar x2  
  172  13:19  Zealot x5  
  186  13:22  Disruptor  
  189  13:32  Observer  
  181  13:39  Stalker x2  
  181  13:40  Zealot x5  
  188  13:46  Probe x2  
  178  13:49  Stalker  
  178  13:50  Stalker  
  178  13:52  Disruptor  
  178  13:55  Stalker x3  
  179  13:59  Photon Cannon  
  179  14:01  Photon Cannon  
  175  14:03  Photon Cannon  
  175  14:05  Photon Cannon  
  175  14:08  Stalker x7  
  183  14:35  Stalker x8  
  184  15:04  Stalker x5  
  184  15:05  Zealot x3  
  194  15:17  Zealot, Dark Templar  
Tags
 
Add a new tag
Caveats
  • Supply blocks, unpowered buildings, or Contaminate may cause inaccurate times.
  • Supply counts are checked every 10 seconds.